 Dungeon Crawl Stone Soup version 0.28.0 (webtiles) character file.

Game seed: 12361400062069022840

306 styxcanada the Magician (level 6, 0/32 HPs)
             Began as a Deep Elf Venom Mage on Feb 7, 2022.
             Slain by a lemure (6 damage)
             ... led by Pikel
             ... on level 4 of the Dungeon.
             The game lasted 00:12:45 (3313 turns).

styxcanada the Magician (Deep Elf Venom Mage)       Turns: 3313, Time: 00:12:45

Health: 0/32       AC:  3    Str:  5    XL:     6   Next: 16%
Magic:  15/15      EV: 13    Int: 24    God:
Gold:   64         SH:  0    Dex: 19    Spells: 11/14 levels left

rFire   . . .      SeeInvis .   l - +10 falchion "Osen" {vorpal, Int+2 Dex+4}
rCold   . . .      Faith    .   (no shield)
rNeg    . . .      Spirit   .   a - +0 robe
rPois   .          Reflect  .   n - +0 helmet
rElec   .          Harm     .   (no cloak)
rCorr   .          Rampage  .   (no gloves)
Will    .....                   (no boots)
Stlth   +++.......              (no amulet)
HPRegen 0.10/turn               (no ring)
MPRegen 0.14/turn               (no ring)

@: no status effects
A: no striking features
a: no special abilities


You were on level 4 of the Dungeon.
You visited 1 branch of the dungeon, and saw 4 of its levels.

You collected 64 gold pieces.

Inventory:

Hand Weapons
 c - a +0 hunting sling
 g - a +0 dagger
 l - the +10 falchion "Osen" (weapon) {vorpal, Int+2 Dex+4}
   (You found it on level 2 of the Dungeon)

   It inflicts extra damage upon your enemies.
   Int:       It affects your intelligence (+2).
   Dex:       It affects your dexterity (+4).
Missiles
 d - 6 poisoned darts
 e - 43 sling bullets
 h - 121 stones
Armour
 a - a +0 robe (worn)
 n - a +0 helmet (worn)
Jewellery
 b - a +4 ring of protection
Scrolls
 i - a scroll of teleportation
Potions
 f - a potion of curing
 k - a potion of berserk rage {unknown}
 m - 2 potions of attraction {unknown}
 o - a potion of lignification {unknown}


   Skills:
 + Level 0.2 Fighting
 + Level 0.1(1.1) Short Blades
 + Level 1.7 Long Blades
 + Level 2.9 Dodging
 + Level 3.8 Stealth
 + Level 4.9 Spellcasting
 + Level 2.2 Transmutations
 + Level 1.0 Air Magic
 + Level 4.8 Poison Magic


You had 11 spell levels left.
You knew the following spells:

 Your Spells              Type           Power      Damage    Failure   Level
a - Sting                 Tmut/Pois      92%        1d7       1%          1
b - Poisonous Vapours     Pois/Air       40%        N/A       4%          2

Your spell library contained the following spells:

 Spells                   Type           Power      Damage    Failure   Level
 Mephitic Cloud           Conj/Pois/Air  15%        N/A       12%         3
 Olgreb's Toxic Radiance  Pois           29%        N/A       12%         4


Dungeon Overview and Level Annotations

Branches:
Dungeon (4/15)
 Temple: D:4-7

Altars:
Trog

Shops:
D:4 **=

Annotations:
D:4 Pikel


Message History

The iguana bites you!
Ouch! That really hurt!
You hit the iguana.
You kill the iguana!
You have reached level 6!
Found Moleas's General Store.
You now have 64 gold pieces (gained 19).
A giant cockroach comes into view.
The hound barks!
You hear a shout! x2
A lemure comes into view.
Pikel, Merchant of Souls comes into view.
He is wielding a +2 whip of freezing.
A lemure comes into view.
Found a runed demon blade.
Pikel shouts!
The lemure shouts!
You hit the hound.
The hound is moderately wounded.
You hear a shout!
The hound barely misses you. The hound bites you.
A lemure comes into view.
You barely miss the hound.
The hound is moderately wounded.
The hound bites you.
* * * LOW HITPOINT WARNING * * *
The lemure barely misses you. The hound closely misses you.
You see here an iguana corpse.
The hound bites you but does no damage.
A howler monkey comes into view.
The hound bites you.
* * * LOW HITPOINT WARNING * * *
The howler monkey moves out of view.
The hound pauses to sniff the ground.
The hound misses you.
You slash the hound!
You kill the hound!
Found a ring mail.
A goblin comes into view. It is wielding a +0 club.
You hear the slow hiss of a distant avalanche of sand.
There is a stone staircase leading up here.
The lemure hits you.
You die...

##8...8##..#.....?..........
#.......#...................
#.<.8.>.#..................[
#.†.....#.....#.............
##8.>.8##....###............
##...##......#.............
..#####..................†..
#...#..............#'#......
#..#....#.@5......+∩+......
#....#######5.....#+#......
.##..# #....##.........
......## ###5...#..........
.......####..B...#..........
#...B5....#............
#.#.....###.##..#####.. ..g
##.##.#### #.##...∩....#
....##..#### ...#.#..##.##


You could see 2 lemures.

Vanquished Creatures
  A scorpion (D:2)
  A centaur zombie (D:3)
  A hound (D:4)
  2 iguanas
  4 adders
  5 dart slugs
  2 orcs (D:3)
  3 ball pythons
  4 bats
  7 endoplasms
  4 giant cockroaches
  4 goblins
  9 hobgoblins
  7 jackals (D:2)
  5 quokkas
  3 frilled lizards
  10 kobolds
  10 rats
82 creatures vanquished.

Notes
Turn   | Place    | Note
-------+----------+-------------------------------------------
     0 | D:1      | styxcanada the Deep Elf Venom Mage began the quest for the
                  | Orb.
     0 | D:1      | Reached XP level 1. HP: 10/10 MP: 6/6
   255 | D:1      | Reached XP level 2. HP: 15/15 MP: 5/8
  1042 | D:1      | Learned a level 2 spell: Poisonous Vapours
  1092 | D:2      | Reached XP level 3. HP: 19/19 MP: 4/9
  1229 | D:2      | Identified the +10 falchion "Osen" {vorpal, Int+2 Dex+4}
  1401 | D:2      | Noticed a scorpion
  1410 | D:2      | Killed a scorpion
  1411 | D:2      | Reached XP level 4. HP: 24/24 MP: 7/12
  1931 | D:2      | Found a faded altar of an unknown god.
  2070 | D:3      | Reached XP level 5. HP: 16/28 MP: 5/13
  2272 | D:3      | Found a bloodstained altar of Trog.
  2457 | D:3      | Reached skill level 1 in Long Blades
  3194 | D:4      | Reached skill level 1 in Air Magic
  3201 | D:4      | Found Qetz's General Store.
  3258 | D:4      | Found Marail's Jewellery Emporium.
  3266 | D:4      | Noticed a lemure
  3270 | D:4      | Reached XP level 6. HP: 12/32 MP: 15/15
  3270 | D:4      | Found Moleas's General Store.
  3277 | D:4      | Noticed Pikel
  3313 | D:4      | Slain by a lemure

Illustrated notes

Levels and vault maps discovered:
D:1:      psy_arrival_fountain, layout_basic, minivault_4
D:2:      layout_loops_cross, shapermc_ecumenical_altar_petra
D:3:      layout_loops_cross, trog_butcher_becter, minmay_misc_feat_enclosed
D:4:      layout_cave_pools, nicolae_overflow_hidden_temple,
          makhleb_altar_promises_db, nicolae_ossuary_entry_ruins, serial_shops,
          nicolae_shop_temple_entry_statues_fountains, shop, kennysheep_mini,
          nicolae_stop_n_shop_1, nicolae_shop_statue_plus, grunt_ministairs_7,
          uniq_blork_the_orc, uniq_edmund, uniq_pikel

Skill      XL: |  1  2  3  4  5 |
---------------+----------------+-----
Poison Magic   | 4 |  4.8
Stealth        | 3 |  3.8
Spellcasting   | 4 |  4.9
Transmutations | 2 |  2.2
Long Blades    | 1 |  1.7
Air Magic      | 1 |  1.0
Fighting       | |  0.2
Short Blades   | |  0.1
Dodging        | |  2.9

Action                   |  1- 3 |  4- 6 || total
-------------------------+-------+-------++-------
Melee: Dagger            |    13 |       ||    13
       Punch             |     2 |       ||     2
       Falchion          |     2 |    70 ||    72
 Cast: Sting             |    42 |    13 ||    55
       Poisonous Vapours |     2 |    14 ||    16
  Use: Scroll            |       |     4 ||     4
 Stab: Sleeping          |     2 |     8 ||    10
Armor: Robe              |     3 |    15 ||    18
Dodge: Dodged            |    12 |    53 ||    65
